Jets vs Canucks

Created - November-27-14 at 17:35

Goals
1 2 3 T
Jets 0 1 0 1
Canucks 0 1 1 2
Shots
1 2 3 T
Jets 8 4 10 22
Canucks 6 10 12 28

1st period

No Goal

Penalties :
Nicklas Grossmann (WPG) for Hooking (Minor) at 4:54, Connor Murphy (WPG) for Hooking (Minor) at 9:05, Erik Karlsson (VAN) for Tripping (Minor) at 14:37

2nd period

1. Canucks , Ryan OReilly 9 (Logan Couture, Andrei Markov) at 17:46
2. Jets , Joe Pavelski 17 (Kimmo Timonen) at 19:43

Penalties :
Troy Brouwer (WPG) for Roughing (Minor) at 9:46

3rd period

3. Canucks , Erik Karlsson 3 (Logan Couture) at 7:37 (PP)

Penalties :
Jonathan Ericsson (WPG) for Hooking (Minor) at 6:13, Christian Ehrhoff (WPG) for Hooking (Minor) at 17:45

Goalie Stats

Tim Thomas (WPG), 26 saves from 28 shots - (0.929), L, 0-4-1, 59:50 minutes
Henrik Lundqvist (VAN), 21 saves from 22 shots - (0.955), W, 12-6-0, 60:00 minutes

Players Stats for Jets

Player Name              G  A  P  +/- PIM S  H  SB GA TA FO     MP     PP MP  PK MP  
------------------------------------------------------------------------------------
Anders Lee               0  0  0   0  0   1  5  0  0  0  0/0    19:52   0:39   0:15 
Andre Benoit             0  0  0   0  0   1  1  0  0  0  0/0    18:54   0:39   2:39 
Boyd Gordon              0  0  0   0  0   0  0  0  0  0  12/20  12:05   0:00   7:00 
Christian Ehrhoff        0  0  0   0  2   5  2  2  0  0  0/0    16:46   0:39   0:32 
Connor Murphy            0  0  0   0  2   0  2  0  0  0  0/0    21:43   1:20   2:46 
Corey Perry              0  0  0   0  0   3  1  0  0  0  0/1    20:33   1:20   0:00 
Jamie Benn               0  0  0   0  0   1  1  0  0  0  10/19  18:41   0:39   3:01 
Jason Garrison           0  0  0   0  0   0  0  2  0  0  0/0    15:40   0:00   0:00 
Joe Pavelski             1  0  1   0  0   4  0  0  0  0  13/29  20:33   1:20   0:00 
Jonathan Ericsson        0  0  0   0  2   0  1  2  0  0  0/0    12:23   0:00   4:21 
Josh Bailey              0  0  0   0  0   0  0  1  0  0  0/1     9:37   0:00   0:00 
Kimmo Timonen            0  1  1   0  0   0  3  1  0  0  0/0    24:18   1:20   5:31 
Matt Moulson             0  0  0   0  0   1  0  0  0  0  0/1    16:07   1:20   0:01 
Matt Read                0  0  0   0  0   1  1  0  0  0  0/2    21:00   0:00   6:18 
Nick Bonino              0  0  0   0  0   1  0  0  0  0  5/8     9:37   0:00   0:00 
Nicklas Grossmann        0  0  0   0  2   0  2  2  0  0  0/0    10:12   0:00   2:51 
Pascal Dupuis            0  0  0   0  0   1  0  0  0  0  0/0     7:10   0:00   2:05 
Troy Brouwer             0  0  0   0  2   3  3  0  0  0  0/0    15:24   0:39   0:00 

Players Stats for Canucks

Player Name              G  A  P  +/- PIM S  H  SB GA TA FO     MP     PP MP  PK MP  
------------------------------------------------------------------------------------
Adam Henrique            0  0  0   0  0   4  0  0  0  0  0/1    18:16   0:00   0:38 
Alex Pietrangelo         0  0  0  -1  0   1  0  1  0  0  0/0    23:03   4:55   0:54 
Andrei Markov            0  1  1   1  0   0  0  1  0  0  0/0    15:21   0:00   0:54 
Brent Burns              0  0  0   0  0   2  0  1  0  0  0/0    17:42   4:25   0:00 
Chris Kreider            0  0  0   0  0   1  0  0  0  0  0/0     4:30   0:00   0:00 
Claude Giroux            0  0  0   0  0   1  0  0  0  0  18/26  22:26   5:03   0:00 
Dmitry Kulikov           0  0  0   0  0   0  0  0  0  0  0/0     4:11   0:00   0:00 
Erik Karlsson            1  0  1   1  2   4  1  0  0  0  0/0    23:02   4:25   0:00 
Jonas Brodin             0  0  0   0  0   0  0  1  0  0  0/0    14:09   0:00   1:05 
Justin Braun             0  0  0   0  0   1  1  4  0  0  0/0    13:54   0:00   1:05 
Logan Couture            0  2  2   0  0   1  1  0  0  0  7/24   19:09   4:17   1:21 
Marcus Kruger            0  0  0   0  0   0  0  0  0  0  5/8     5:51   0:00   1:21 
Nazem Kadri              0  0  0   0  0   3  3  2  0  0  0/0    17:34   4:17   0:00 
P.K. Subban              0  0  0  -1  0   2  2  0  0  0  0/0    21:54   4:55   0:00 
Phil Kessel              0  0  0   0  0   3  0  0  0  0  0/0    22:49   5:03   0:00 
Ryan Johansen            0  0  0   0  0   0  4  0  0  0  1/2    22:26   5:03   0:00 
Ryan OReilly             1  0  1   0  0   4  0  0  0  0  1/3    18:26   4:17   0:38 
Vladimir Sobotka         0  0  0   0  0   1  1  0  0  0  9/17   13:17   0:00   0:00 

3 Stars

1 - Henrik Lundqvist (VAN)
2 - Logan Couture (VAN)
3 - Ryan OReilly (VAN)

Power Play

Jets - 0 on 1 Attempt(s) - 0.00%
Canucks - 1 on 5 Attempt(s) - 20.00%

Penalty Kill

Jets - 4 on 5 Attempt(s) - 80.00% - Score 0 goal in Penalty Kill
Canucks - 1 on 1 Attempt(s) - 100.00% - Score 0 goal in Penalty Kill

Official

Referees : Francis Charron and Kyle Rehman
Linesman : Brad Kovachik and Brian Murphy

Game Notes

No Game Note

Finance

Level 1 -- Attendance: 6500 (100.00%) -- Ticket Income $520,000
Level 2 -- Attendance: 4855 (97.10%) -- Ticket Income $315,575
Level 3 -- Attendance: 3476 (99.31%) -- Ticket Income $173,800
Level 4 -- Attendance: 2660 (93.01%) -- Ticket Income $66,500
Luxury Box -- Attendance: 684 (68.40%) -- Ticket Income $171,000
Game was played at the Rogers Arena
Total Attendance: 18175 (96.37%)
Total Ticket Income: $1,246,875
Other Income: $187,031
Total Income: $1,433,906

% Time on Ice - Jets

Lines # - Real PCT - Wanted PCT - Time Play
Normal Forward
1 - 39% - 41% - 18:58
2 - 30% - 30% - 14:46
3 - 20% - 19% - 9:37
4 - 10% - 10% - 5:05
Normal Defense
1 - 36% - 43% - 17:25
2 - 32% - 34% - 15:36
3 - 17% - 13% - 8:03
4 - 15% - 10% - 7:22
PP Forward
1 - 67% - 60% - 1:20
2 - 33% - 40% - 0:39
PP Defense
1 - 67% - 70% - 1:20
2 - 33% - 30% - 0:39
PK Forward
1 - 100% - 75% - 9:20
2 - 0% - 25% - 0:00
PK Defense
1 - 59% - 60% - 5:31
2 - 41% - 40% - 3:49
PK3 Forward
1 - 0% - 70%
2 - 0% - 30%
PK3 Defense
1 - 0% - 60%
2 - 0% - 40%
44 Forward
1 - 0% - 60%
2 - 0% - 40%
44 Defense
1 - 0% - 51%
2 - 0% - 49%
Last Minute Offensive  - 0:15
Last Minute Defensive  - 0:00
Total
Forward - 60:00
Defense - 60:00

% Time on Ice - Canucks

Lines # - Real PCT - Wanted PCT - Time Play
Normal Forward
1 - 36% - 34% - 17:23
2 - 28% - 31% - 13:31
3 - 27% - 25% - 13:17
4 - 9% - 10% - 4:15
Normal Defense
1 - 35% - 34% - 16:59
2 - 30% - 32% - 14:27
3 - 26% - 25% - 12:49
4 - 9% - 9% - 4:11
PP Forward
1 - 54% - 60% - 5:03
2 - 46% - 40% - 4:17
PP Defense
1 - 47% - 62% - 4:25
2 - 53% - 38% - 4:55
PK Forward
1 - 68% - 60% - 1:21
2 - 32% - 40% - 0:38
PK Defense
1 - 45% - 50% - 0:54
2 - 55% - 50% - 1:05
PK3 Forward
1 - 0% - 60%
2 - 0% - 40%
PK3 Defense
1 - 0% - 60%
2 - 0% - 40%
44 Forward
1 - 0% - 52%
2 - 0% - 48%
44 Defense
1 - 0% - 51%
2 - 0% - 49%
Last Minute Offensive  - 0:00
Last Minute Defensive  - 0:15
Total
Forward - 60:00
Defense - 60:00

Play by Play

1st period


0:01 of 1st period - Joe Pavelski wins face-off versus Claude Giroux in neutral zone.
1:11 of 1st period - Icing by Andrei Markov.
1:12 of 1st period - Nick Bonino wins face-off versus Logan Couture in Canucks zone.
1:43 of 1st period - Icing by Nick Bonino.
1:44 of 1st period - Vladimir Sobotka wins face-off versus Nick Bonino in Jets zone.
1:49 of 1st period - Shot by Nazem Kadri.
1:49 of 1st period - Shot Misses the Net.
2:01 of 1st period - Shot by Matt Read.
2:01 of 1st period - Deflect By Josh Bailey.
2:01 of 1st period - Shot Blocked by Justin Braun.
2:03 of 1st period - Shot by Andre Benoit.
2:03 of 1st period - Shot Misses the Net.
2:05 of 1st period - Shot by Matt Read.
2:05 of 1st period - Shot Blocked by Justin Braun.
2:07 of 1st period - Shot by Christian Ehrhoff.
2:07 of 1st period - Shot Blocked by Justin Braun.
3:14 of 1st period - Icing by Kimmo Timonen.
3:15 of 1st period - Claude Giroux wins face-off versus Joe Pavelski in Jets zone.
3:16 of 1st period - Shot by Alex Pietrangelo.
3:16 of 1st period - Stopped by Tim Thomas with a rebound.
3:18 of 1st period - Shot by Adam Henrique.
3:18 of 1st period - Stopped by Tim Thomas without a rebound.
3:19 of 1st period - Ryan Johansen wins face-off versus Boyd Gordon in Jets zone.
3:28 of 1st period - Shot by Ryan Johansen.
3:28 of 1st period - Shot Blocked by Kimmo Timonen.
3:42 of 1st period - Kimmo Timonen is hit by Ryan Johansen and loses puck.
4:12 of 1st period - P.K. Subban is hit by Nicklas Grossmann.
4:19 of 1st period - Icing by Jason Garrison.
4:20 of 1st period - Logan Couture wins face-off versus Joe Pavelski in Jets zone.
4:21 of 1st period - Shot by Ryan OReilly.
4:21 of 1st period - Shot Misses the Net.
4:23 of 1st period - Shot by Erik Karlsson.
4:23 of 1st period - Shot Misses the Net.
4:25 of 1st period - Shot by Logan Couture.
4:25 of 1st period - Shot Misses the Net.
4:27 of 1st period - Shot by Phil Kessel.
4:27 of 1st period - Shot Misses the Net.
4:54 of 1st period - Minor Penalty to Nicklas Grossmann for Hooking.
4:55 of 1st period - Logan Couture wins face-off versus Boyd Gordon in Jets zone.
5:06 of 1st period - Shot by Erik Karlsson.
5:06 of 1st period - Shot Misses the Net.
5:08 of 1st period - Shot by Erik Karlsson.
5:08 of 1st period - Stopped by Tim Thomas without a rebound.
5:09 of 1st period - Claude Giroux wins face-off versus Matt Read in Jets zone.
5:33 of 1st period - Shot by P.K. Subban.
5:33 of 1st period - Shot Misses the Net.
5:53 of 1st period - Shot by Alex Pietrangelo.
5:53 of 1st period - Shot Misses the Net.
6:38 of 1st period - Shot by Pascal Dupuis.
6:38 of 1st period - Shot Misses the Net.
6:40 of 1st period - Shot by Pascal Dupuis.
6:40 of 1st period - Stopped by Henrik Lundqvist without a rebound.
6:41 of 1st period - Claude Giroux wins face-off versus Jamie Benn in Canucks zone.
7:01 of 1st period - Icing by Nicklas Grossmann.
7:02 of 1st period - Joe Pavelski wins face-off versus Vladimir Sobotka in Jets zone.
7:38 of 1st period - Shot by Nazem Kadri.
7:38 of 1st period - Shot Misses the Net.
7:40 of 1st period - Shot by Nazem Kadri.
7:40 of 1st period - Shot Blocked by Jason Garrison.
7:42 of 1st period - Shot by Brent Burns.
7:42 of 1st period - Stopped by Tim Thomas without a rebound.
7:43 of 1st period - Jamie Benn wins face-off versus Claude Giroux in Jets zone.
8:21 of 1st period - Claude Giroux is hit by Christian Ehrhoff and loses puck.
9:04 of 1st period - Shot by Phil Kessel.
9:04 of 1st period - Shot Blocked by Josh Bailey.
9:05 of 1st period - Minor Penalty to Connor Murphy for Hooking.
9:06 of 1st period - Logan Couture wins face-off versus Boyd Gordon in Jets zone.
12:22 of 1st period - Shot by Jamie Benn.
12:22 of 1st period - Shot Misses the Net.
12:24 of 1st period - Shot by Christian Ehrhoff.
12:24 of 1st period - Stopped by Henrik Lundqvist without a rebound.
12:25 of 1st period - Nick Bonino wins face-off versus Vladimir Sobotka in Canucks zone.
12:45 of 1st period - Icing by Nick Bonino.
12:46 of 1st period - Logan Couture wins face-off versus Josh Bailey in Jets zone.
12:53 of 1st period - Shot by Phil Kessel.
12:53 of 1st period - Stopped by Tim Thomas with a rebound.
13:58 of 1st period - Shot by Nazem Kadri.
13:58 of 1st period - Deflect By Vladimir Sobotka.
13:58 of 1st period - Stopped by Tim Thomas without a rebound.
13:59 of 1st period - Claude Giroux wins face-off versus Corey Perry in Jets zone.
14:24 of 1st period - Shot by Corey Perry.
14:24 of 1st period - Stopped by Henrik Lundqvist without a rebound.
14:25 of 1st period - Boyd Gordon wins face-off versus Vladimir Sobotka in Canucks zone.
14:32 of 1st period - Shot by Pascal Dupuis.
14:32 of 1st period - Shot Blocked by Nazem Kadri.
14:34 of 1st period - Shot by Matt Read.
14:34 of 1st period - Stopped by Henrik Lundqvist without a rebound.
14:35 of 1st period - Jamie Benn wins face-off versus Vladimir Sobotka in Canucks zone.
14:37 of 1st period - Minor Penalty to Erik Karlsson for Tripping.
14:38 of 1st period - Marcus Kruger wins face-off versus Joe Pavelski in Canucks zone.
14:56 of 1st period - Shot by Corey Perry.
14:56 of 1st period - Shot Blocked by Justin Braun.
15:40 of 1st period - Shot by Andre Benoit.
15:40 of 1st period - Shot Blocked by Alex Pietrangelo.
15:42 of 1st period - Shot by Christian Ehrhoff.
15:42 of 1st period - Shot Misses the Net.
15:44 of 1st period - Shot by Christian Ehrhoff.
15:44 of 1st period - Stopped by Henrik Lundqvist with a rebound.
15:46 of 1st period - Shot by Christian Ehrhoff.
15:46 of 1st period - Shot Misses the Net.
15:48 of 1st period - Shot by Jamie Benn.
15:48 of 1st period - Shot Misses the Net.
15:50 of 1st period - Shot by Andre Benoit.
15:50 of 1st period - Shot Hit the Post.
15:52 of 1st period - Shot by Troy Brouwer.
15:52 of 1st period - Stopped by Henrik Lundqvist without a rebound.
15:53 of 1st period - Marcus Kruger wins face-off versus Jamie Benn in Canucks zone.
15:53 of 1st period - Marcus Kruger is hit by Troy Brouwer.
16:05 of 1st period - Shot by Christian Ehrhoff.
16:05 of 1st period - Stopped by Henrik Lundqvist without a rebound.
16:06 of 1st period - Joe Pavelski wins face-off versus Ryan OReilly in Canucks zone.
16:33 of 1st period - Icing by Joe Pavelski.
16:34 of 1st period - Marcus Kruger wins face-off versus Joe Pavelski in Jets zone.
18:01 of 1st period - Icing by Alex Pietrangelo.
18:02 of 1st period - Joe Pavelski wins face-off versus Vladimir Sobotka in Canucks zone.
18:18 of 1st period - Icing by Corey Perry.
18:19 of 1st period - Joe Pavelski wins face-off versus Logan Couture in Jets zone.
18:40 of 1st period - Shot by Joe Pavelski.
18:40 of 1st period - Deflect By Corey Perry.
18:40 of 1st period - Stopped by Henrik Lundqvist without a rebound.
18:41 of 1st period - Jamie Benn wins face-off versus Ryan Johansen in Canucks zone.
18:41 of 1st period - Jamie Benn is hit by Justin Braun.
18:51 of 1st period - Shot by Ryan Johansen.
18:51 of 1st period - Shot Blocked by Nicklas Grossmann.
18:54 of 1st period - Icing by Jason Garrison.
18:55 of 1st period - Logan Couture wins face-off versus Jamie Benn in Jets zone.
19:30 of 1st period - Shot by Erik Karlsson.
19:30 of 1st period - Shot Misses the Net.
Goals for this period are 0 for Jets vs 0 for Canucks.
Shots for this period are 8 for Jets vs 6 for Canucks.

2nd period


0:01 of 2nd period - Joe Pavelski wins face-off versus Adam Henrique in neutral zone.
0:04 of 2nd period - Adam Henrique is hit by Anders Lee and loses puck.
0:10 of 2nd period - Off-side.
0:11 of 2nd period - Vladimir Sobotka wins face-off versus Jamie Benn in neutral zone.
0:11 of 2nd period - Vladimir Sobotka is hit by Troy Brouwer.
0:16 of 2nd period - Icing by Christian Ehrhoff.
0:17 of 2nd period - Jamie Benn wins face-off versus Claude Giroux in Jets zone.
0:40 of 2nd period - Shot by Troy Brouwer.
0:40 of 2nd period - Shot Misses the Net.
0:42 of 2nd period - Shot by Andre Benoit.
0:42 of 2nd period - Shot Misses the Net.
0:44 of 2nd period - Shot by Troy Brouwer.
0:44 of 2nd period - Stopped by Henrik Lundqvist without a rebound.
0:45 of 2nd period - Joe Pavelski wins face-off versus Logan Couture in Canucks zone.
1:02 of 2nd period - Shot by Ryan OReilly.
1:02 of 2nd period - Stopped by Tim Thomas without a rebound.
1:03 of 2nd period - Vladimir Sobotka wins face-off versus Jamie Benn in Jets zone.
1:04 of 2nd period - Shot by Nazem Kadri.
1:04 of 2nd period - Shot Misses the Net.
1:10 of 2nd period - Shot by P.K. Subban.
1:10 of 2nd period - Stopped by Tim Thomas with a rebound.
1:22 of 2nd period - Shot by Brent Burns.
1:22 of 2nd period - Shot Blocked by Christian Ehrhoff.
1:34 of 2nd period - Shot by Matt Moulson.
1:34 of 2nd period - Shot Misses the Net.
1:40 of 2nd period - Shot by Andre Benoit.
1:40 of 2nd period - Shot Blocked by Brent Burns.
1:44 of 2nd period - Shot by Matt Moulson.
1:44 of 2nd period - Shot Misses the Net.
1:46 of 2nd period - Shot by Jamie Benn.
1:46 of 2nd period - Shot Misses the Net.
2:07 of 2nd period - Icing by Joe Pavelski.
2:08 of 2nd period - Claude Giroux wins face-off versus Joe Pavelski in Jets zone.
2:27 of 2nd period - Shot by Anders Lee.
2:27 of 2nd period - Stopped by Henrik Lundqvist without a rebound.
2:28 of 2nd period - Boyd Gordon wins face-off versus Logan Couture in Canucks zone.
3:02 of 2nd period - Shot by Ryan OReilly.
3:02 of 2nd period - Shot Misses the Net.
3:04 of 2nd period - Shot by Phil Kessel.
3:04 of 2nd period - Deflect By Ryan OReilly.
3:04 of 2nd period - Shot Blocked by Jason Garrison.
3:09 of 2nd period - Logan Couture is hit by Jonathan Ericsson and loses puck.
3:42 of 2nd period - Icing by Connor Murphy.
3:43 of 2nd period - Vladimir Sobotka wins face-off versus Joe Pavelski in Jets zone.
4:36 of 2nd period - P.K. Subban is hit by Christian Ehrhoff and loses puck.
5:03 of 2nd period - Shot by Matt Moulson.
5:03 of 2nd period - Shot Misses the Net.
5:45 of 2nd period - Shot by Adam Henrique.
5:45 of 2nd period - Shot Blocked by Nicklas Grossmann.
5:56 of 2nd period - Icing by Andrei Markov.
5:57 of 2nd period - Claude Giroux wins face-off versus Joe Pavelski in Canucks zone.
5:57 of 2nd period - Claude Giroux is hit by Corey Perry.
6:05 of 2nd period - Shot by Claude Giroux.
6:05 of 2nd period - Shot Misses the Net.
6:31 of 2nd period - Connor Murphy is hit by Ryan Johansen and loses puck.
8:00 of 2nd period - Josh Bailey is hit by Logan Couture.
9:27 of 2nd period - Off-side.
9:28 of 2nd period - Marcus Kruger wins face-off versus Matt Moulson in neutral zone.
9:28 of 2nd period - Phil Kessel is hit by Troy Brouwer and loses puck.
9:46 of 2nd period - Minor Penalty to Troy Brouwer for Roughing.
9:47 of 2nd period - Boyd Gordon wins face-off versus Logan Couture in Jets zone.
9:57 of 2nd period - Icing by Alex Pietrangelo.
9:58 of 2nd period - Boyd Gordon wins face-off versus Logan Couture in Canucks zone.
10:15 of 2nd period - Shot by P.K. Subban.
10:15 of 2nd period - Stopped by Tim Thomas without a rebound.
10:16 of 2nd period - Boyd Gordon wins face-off versus Claude Giroux in Jets zone.
10:25 of 2nd period - Shot by Brent Burns.
10:25 of 2nd period - Shot Misses the Net.
10:27 of 2nd period - Shot by Claude Giroux.
10:27 of 2nd period - Stopped by Tim Thomas without a rebound.
10:28 of 2nd period - Boyd Gordon wins face-off versus Logan Couture in Jets zone.
10:28 of 2nd period - Boyd Gordon is hit by Nazem Kadri.
10:46 of 2nd period - Shot by Logan Couture.
10:46 of 2nd period - Shot Misses the Net.
10:48 of 2nd period - Shot by Brent Burns.
10:48 of 2nd period - Stopped by Tim Thomas without a rebound.
10:49 of 2nd period - Claude Giroux wins face-off versus Boyd Gordon in Jets zone.
10:54 of 2nd period - Shot by Alex Pietrangelo.
10:54 of 2nd period - Shot Misses the Net.
11:33 of 2nd period - Ryan Johansen is hit by Kimmo Timonen and loses puck.
11:50 of 2nd period - Shot by Corey Perry.
11:50 of 2nd period - Stopped by Henrik Lundqvist with a rebound.
12:22 of 2nd period - Shot by Joe Pavelski.
12:22 of 2nd period - Shot Blocked by Nazem Kadri.
13:18 of 2nd period - Ryan OReilly is hit by Matt Read and loses puck.
13:56 of 2nd period - Ryan Johansen is hit by Connor Murphy and loses puck.
14:28 of 2nd period - Icing by Kimmo Timonen.
14:29 of 2nd period - Jamie Benn wins face-off versus Vladimir Sobotka in Jets zone.
14:29 of 2nd period - Jamie Benn is hit by Nazem Kadri.
14:55 of 2nd period - Shot by Corey Perry.
14:55 of 2nd period - Shot Misses the Net.
14:57 of 2nd period - Shot by Joe Pavelski.
14:57 of 2nd period - Shot Blocked by Jonas Brodin.
15:09 of 2nd period - Shot by Brent Burns.
15:09 of 2nd period - Deflect By Nazem Kadri.
15:09 of 2nd period - Shot Misses the Net.
15:12 of 2nd period - Icing by Andre Benoit.
15:13 of 2nd period - Joe Pavelski wins face-off versus Logan Couture in Jets zone.
15:41 of 2nd period - Icing by Andrei Markov.
15:42 of 2nd period - Boyd Gordon wins face-off versus Logan Couture in Canucks zone.
15:46 of 2nd period - Icing by Erik Karlsson.
15:47 of 2nd period - Jamie Benn wins face-off versus Logan Couture in Canucks zone.
16:06 of 2nd period - Shot by Phil Kessel.
16:06 of 2nd period - Stopped by Tim Thomas without a rebound.
16:07 of 2nd period - Boyd Gordon wins face-off versus Claude Giroux in Jets zone.
16:12 of 2nd period - Shot by Claude Giroux.
16:12 of 2nd period - Deflect By Adam Henrique.
16:12 of 2nd period - Shot Misses the Net.
16:52 of 2nd period - Shot by Claude Giroux.
16:52 of 2nd period - Shot Blocked by Jonathan Ericsson.
17:13 of 2nd period - Icing by Kimmo Timonen.
17:14 of 2nd period - Joe Pavelski wins face-off versus Logan Couture in Jets zone.
17:43 of 2nd period - Logan Couture is hit by Connor Murphy and loses puck.
17:46 of 2nd period - Shot by Ryan OReilly.
17:46 of 2nd period - Goal by Ryan OReilly - Jets : 0 - Canucks : 1.
17:47 of 2nd period - Vladimir Sobotka wins face-off versus Jamie Benn in neutral zone.
17:54 of 2nd period - Shot by Brent Burns.
17:54 of 2nd period - Deflect By Vladimir Sobotka.
17:54 of 2nd period - Shot Misses the Net.
18:21 of 2nd period - Brent Burns is hit by Andre Benoit and loses puck.
18:30 of 2nd period - Shot by Nazem Kadri.
18:30 of 2nd period - Stopped by Tim Thomas without a rebound.
18:31 of 2nd period - Joe Pavelski wins face-off versus Logan Couture in Jets zone.
18:46 of 2nd period - Shot by Ryan OReilly.
18:46 of 2nd period - Stopped by Tim Thomas without a rebound.
18:47 of 2nd period - Claude Giroux wins face-off versus Boyd Gordon in Jets zone.
19:17 of 2nd period - Off-side.
19:18 of 2nd period - Joe Pavelski wins face-off versus Ryan OReilly in neutral zone.
19:43 of 2nd period - Shot by Joe Pavelski.
19:43 of 2nd period - Goal by Joe Pavelski - Jets : 1 - Canucks : 1.
19:44 of 2nd period - Claude Giroux wins face-off versus Jamie Benn in neutral zone.
19:51 of 2nd period - Shot by Adam Henrique.
19:51 of 2nd period - Stopped by Tim Thomas without a rebound.
19:52 of 2nd period - Claude Giroux wins face-off versus Jamie Benn in Jets zone.
Goals for this period are 1 for Jets vs 1 for Canucks.
Shots for this period are 4 for Jets vs 10 for Canucks.

3rd period


0:01 of 3rd period - Logan Couture wins face-off versus Joe Pavelski in neutral zone.
0:01 of 3rd period - Alex Pietrangelo is hit by Anders Lee and loses puck.
0:20 of 3rd period - Shot by Corey Perry.
0:20 of 3rd period - Deflect By Joe Pavelski.
0:20 of 3rd period - Shot Misses the Net.
0:32 of 3rd period - Shot by Phil Kessel.
0:32 of 3rd period - Stopped by Tim Thomas without a rebound.
0:33 of 3rd period - Jamie Benn wins face-off versus Claude Giroux in Jets zone.
0:45 of 3rd period - Shot by Adam Henrique.
0:45 of 3rd period - Shot Misses the Net.
0:49 of 3rd period - Shot by Adam Henrique.
0:49 of 3rd period - Shot Misses the Net.
0:51 of 3rd period - Shot by Erik Karlsson.
0:51 of 3rd period - Stopped by Tim Thomas without a rebound.
0:52 of 3rd period - Vladimir Sobotka wins face-off versus Nick Bonino in Jets zone.
0:53 of 3rd period - Shot by Nazem Kadri.
0:53 of 3rd period - Stopped by Tim Thomas without a rebound.
0:54 of 3rd period - Joe Pavelski wins face-off versus Logan Couture in Jets zone.
1:03 of 3rd period - Shot by Joe Pavelski.
1:03 of 3rd period - Stopped by Henrik Lundqvist without a rebound.
1:04 of 3rd period - Claude Giroux wins face-off versus Joe Pavelski in Canucks zone.
1:12 of 3rd period - Icing by Claude Giroux.
1:13 of 3rd period - Claude Giroux wins face-off versus Joe Pavelski in Canucks zone.
1:17 of 3rd period - Icing by Alex Pietrangelo.
1:18 of 3rd period - Claude Giroux wins face-off versus Joe Pavelski in Canucks zone.
1:45 of 3rd period - Shot by Joe Pavelski.
1:45 of 3rd period - Stopped by Henrik Lundqvist without a rebound.
1:46 of 3rd period - Jamie Benn wins face-off versus Logan Couture in Canucks zone.
3:20 of 3rd period - Adam Henrique is hit by Kimmo Timonen and loses puck.
3:29 of 3rd period - Shot by Adam Henrique.
3:29 of 3rd period - Stopped by Tim Thomas without a rebound.
3:30 of 3rd period - Vladimir Sobotka wins face-off versus Matt Read in Jets zone.
3:51 of 3rd period - Josh Bailey is hit by P.K. Subban and loses puck.
4:10 of 3rd period - Shot by Brent Burns.
4:10 of 3rd period - Shot Misses the Net.
4:12 of 3rd period - Shot by P.K. Subban.
4:12 of 3rd period - Shot Misses the Net.
4:25 of 3rd period - Jason Garrison is hit by Erik Karlsson and loses puck.
4:46 of 3rd period - Shot by Matt Moulson.
4:46 of 3rd period - Shot Misses the Net.
4:48 of 3rd period - Shot by Matt Moulson.
4:48 of 3rd period - Stopped by Henrik Lundqvist without a rebound.
4:49 of 3rd period - Claude Giroux wins face-off versus Joe Pavelski in Canucks zone.
4:49 of 3rd period - Claude Giroux is hit by Anders Lee.
4:52 of 3rd period - Ryan Johansen is hit by Anders Lee and loses puck.
5:16 of 3rd period - Shot by Adam Henrique.
5:16 of 3rd period - Stopped by Tim Thomas with a rebound.
5:30 of 3rd period - Shot by Adam Henrique.
5:30 of 3rd period - Shot Misses the Net.
5:32 of 3rd period - Shot by Justin Braun.
5:32 of 3rd period - Stopped by Tim Thomas without a rebound.
5:33 of 3rd period - Jamie Benn wins face-off versus Logan Couture in Jets zone.
5:38 of 3rd period - Shot by Jamie Benn.
5:38 of 3rd period - Shot Misses the Net.
5:54 of 3rd period - Shot by Jamie Benn.
5:54 of 3rd period - Stopped by Henrik Lundqvist without a rebound.
5:55 of 3rd period - Nick Bonino wins face-off versus Vladimir Sobotka in Canucks zone.
5:55 of 3rd period - Nick Bonino is hit by P.K. Subban.
6:13 of 3rd period - Minor Penalty to Jonathan Ericsson for Hooking.
6:14 of 3rd period - Boyd Gordon wins face-off versus Claude Giroux in Jets zone.
6:14 of 3rd period - Kimmo Timonen is hit by Ryan Johansen and loses puck.
6:25 of 3rd period - Shot by Erik Karlsson.
6:25 of 3rd period - Stopped by Tim Thomas without a rebound.
6:26 of 3rd period - Boyd Gordon wins face-off versus Claude Giroux in Jets zone.
7:28 of 3rd period - Logan Couture is hit by Nicklas Grossmann and loses puck.
7:35 of 3rd period - Shot by Logan Couture.
7:35 of 3rd period - Stopped by Tim Thomas without a rebound.
7:36 of 3rd period - Logan Couture wins face-off versus Jamie Benn in Jets zone.
7:37 of 3rd period - Shot by Erik Karlsson.
7:37 of 3rd period - Goal by Erik Karlsson - Jets : 1 - Canucks : 2.
7:38 of 3rd period - Vladimir Sobotka wins face-off versus Joe Pavelski in neutral zone.
7:49 of 3rd period - Shot by Brent Burns.
7:49 of 3rd period - Shot Blocked by Jonathan Ericsson.
9:10 of 3rd period - Off-side.
9:11 of 3rd period - Claude Giroux wins face-off versus Nick Bonino in neutral zone.
9:25 of 3rd period - Icing by Christian Ehrhoff.
9:26 of 3rd period - Nick Bonino wins face-off versus Marcus Kruger in Jets zone.
10:05 of 3rd period - Shot by Chris Kreider.
10:05 of 3rd period - Stopped by Tim Thomas without a rebound.
10:06 of 3rd period - Claude Giroux wins face-off versus Joe Pavelski in Jets zone.
10:06 of 3rd period - Ryan Johansen is hit by Kimmo Timonen and loses puck.
10:17 of 3rd period - Shot by Adam Henrique.
10:17 of 3rd period - Shot Misses the Net.
11:09 of 3rd period - Shot by Troy Brouwer.
11:09 of 3rd period - Stopped by Henrik Lundqvist without a rebound.
11:10 of 3rd period - Boyd Gordon wins face-off versus Logan Couture in Canucks zone.
11:13 of 3rd period - Shot by Matt Read.
11:13 of 3rd period - Shot Blocked by Andrei Markov.
11:15 of 3rd period - Shot by Andre Benoit.
11:15 of 3rd period - Stopped by Henrik Lundqvist with a rebound.
11:17 of 3rd period - Shot by Pascal Dupuis.
11:17 of 3rd period - Shot Misses the Net.
11:19 of 3rd period - Shot by Christian Ehrhoff.
11:19 of 3rd period - Stopped by Henrik Lundqvist with a rebound.
11:21 of 3rd period - Shot by Christian Ehrhoff.
11:21 of 3rd period - Stopped by Henrik Lundqvist without a rebound.
11:22 of 3rd period - Jamie Benn wins face-off versus Vladimir Sobotka in Canucks zone.
11:49 of 3rd period - Shot by Nazem Kadri.
11:49 of 3rd period - Shot Misses the Net.
12:41 of 3rd period - Icing by Jonas Brodin.
12:42 of 3rd period - Vladimir Sobotka wins face-off versus Boyd Gordon in Canucks zone.
12:49 of 3rd period - Andre Benoit is hit by Vladimir Sobotka and loses puck.
13:22 of 3rd period - Shot by Logan Couture.
13:22 of 3rd period - Shot Blocked by Christian Ehrhoff.
15:22 of 3rd period - Icing by Marcus Kruger.
15:23 of 3rd period - Nick Bonino wins face-off versus Marcus Kruger in Canucks zone.
15:28 of 3rd period - Shot by Nick Bonino.
15:28 of 3rd period - Shot Misses the Net.
15:42 of 3rd period - Shot by Nick Bonino.
15:42 of 3rd period - Stopped by Henrik Lundqvist with a rebound.
15:44 of 3rd period - Shot by Nicklas Grossmann.
15:44 of 3rd period - Shot Misses the Net.
15:46 of 3rd period - Shot by Matt Read.
15:46 of 3rd period - Shot Misses the Net.
15:48 of 3rd period - Shot by Nicklas Grossmann.
15:48 of 3rd period - Shot Misses the Net.
16:04 of 3rd period - Icing by Erik Karlsson.
16:05 of 3rd period - Joe Pavelski wins face-off versus Marcus Kruger in Canucks zone.
16:10 of 3rd period - Shot by Joe Pavelski.
16:10 of 3rd period - Stopped by Henrik Lundqvist without a rebound.
16:11 of 3rd period - Claude Giroux wins face-off versus Joe Pavelski in Canucks zone.
16:11 of 3rd period - Claude Giroux is hit by Anders Lee.
16:41 of 3rd period - Shot by Joe Pavelski.
16:41 of 3rd period - Shot Misses the Net.
17:19 of 3rd period - Troy Brouwer is hit by Ryan Johansen and loses puck.
17:45 of 3rd period - Minor Penalty to Christian Ehrhoff for Hooking.
17:46 of 3rd period - Boyd Gordon wins face-off versus Logan Couture in Jets zone.
17:46 of 3rd period - Boyd Gordon is hit by Nazem Kadri.
17:57 of 3rd period - Shot by Nazem Kadri.
17:57 of 3rd period - Stopped by Tim Thomas without a rebound.
17:58 of 3rd period - Ryan OReilly wins face-off versus Boyd Gordon in Jets zone.
18:41 of 3rd period - Shot by Logan Couture.
18:41 of 3rd period - Deflect By Ryan OReilly.
18:41 of 3rd period - Stopped by Tim Thomas without a rebound.
18:42 of 3rd period - Claude Giroux wins face-off versus Boyd Gordon in Jets zone.
19:15 of 3rd period - Shot by Erik Karlsson.
19:15 of 3rd period - Shot Misses the Net.
19:50 of 3rd period - Jets, Tim Thomas is pulled from the net.
19:57 of 3rd period - Icing by Alex Pietrangelo.
19:58 of 3rd period - Marcus Kruger wins face-off versus Joe Pavelski in Canucks zone.
19:58 of 3rd period - Marcus Kruger is hit by Jamie Benn.
Goals for this period are 0 for Jets vs 1 for Canucks.
Shots for this period are 10 for Jets vs 12 for Canucks.


Output by the SimonT Hockey Simulator (STHS) for Stephane Roy -- Original Page W3C XHTML 1.0 Valid
Hockey Simulator - Hockey Simulation - Hockey Manager